 Dungeon Crawl Stone Soup version 0.29-a0-275-g389c0b56f3 (webtiles) character file.

Game seed: 17951080424357666573

259 spaghetti the Skirmisher (level 5, 0/55 HPs)
             Began as a Deep Dwarf Fighter on Mar 10, 2022.
             Killed by divine providence
             ... invoked by an orc priest
              (11 damage)
             ... on level 3 of the Dungeon.
             The game lasted 00:05:05 (2202 turns).

spaghetti the Skirmisher (Deep Dwarf Fighter)       Turns: 2202, Time: 00:05:05

Health: 0/55       AC: 29    Str: 21    XL:     5   Next: 95%
Magic:  14/14 (5)  EV:  5    Int:  9    God:
Gold:   169        SH:  5    Dex: 19    Spells: 4/4 levels left

rFire   . . .      SeeInvis .   a - +0 war axe (flame) {axe}
rCold   . . .      Faith    .   c - +0 buckler
rNeg    . . .      Spirit   .   t - +10 plate armour "Cuxtor" {Rampage Drain Dex+7}
rPois   .          Reflect  .   k - +2 hat
rElec   .          Harm     .   n - +0 cloak
rCorr   .          Rampage  +   e - +0 pair of gloves
Will    .....                   (no boots)
Stlth   ..........              (no amulet)
HPRegen 0.00/turn               q - +4 ring of protection
MPRegen 0.14/turn               i - ring of magical power

@: no status effects
A: damage resistance, heal wounds, sense surroundings 1, no regeneration
a: Heal Wounds


You were on level 3 of the Dungeon.
You visited 1 branch of the dungeon, and saw 3 of its levels.

You collected 169 gold pieces.


Innate Abilities, Weirdness & Mutations

You are resistant to damage.
You can heal yourself by infusing magical energy.
You passively map a small area around you.
You do not regenerate.


   Skills:
 + Level 6.1 Fighting
 - Level 2.1 Axes
 - Level 3.2 Armour
 - Level 3.2 Shields


You had 4 spell levels left.
You didn't know any spells.
Your spell library contained the following spells:

 Spells                   Type           Power      Damage    Failure   Level
 Pain                     Necr           0%         1d4       100%        1
 Scorch                   Fire           0%         2d5       100%        2
 Flame Wave               Conj/Fire      0%         2d4       100%        4
 Agony                    Necr           0%         N/A       100%        5
 Excruciating Wounds      Necr           0%         N/A       100%        5
 Summon Cactus Giant      Summ           0%         N/A       100%        6

Inventory:

Hand Weapons
 a - a +0 war axe of flaming (weapon) {axe}
Missiles
 g - 35 stones {throwing}
 r - 2 poisoned darts {throwing}
 u - 3 boomerangs {throwing}
Armour
 b - a +0 scale mail
 c - a +0 buckler (worn)
 e - a +0 pair of gloves (worn)
   (You found it on level 1 of the Dungeon)
 k - a +2 hat (worn)
   (You found it on level 1 of the Dungeon)
 n - a +0 cloak (worn)
   (You found it on level 1 of the Dungeon)
 t - the +10 plate armour "Cuxtor" (worn) {Rampage Drain Dex+7}
   (You acquired it on level 3 of the Dungeon)

   Dex:       It affects your dexterity (+7).
   Drain:     It drains your maximum health when unequipped.
   Rampage:   It bestows one free step when moving towards enemies.
Jewellery
 i - a ring of magical power (right hand)
   (You found it on level 2 of the Dungeon)
 q - a +4 ring of protection (left hand)
   (You found it on level 2 of the Dungeon)
Wands
 j - a wand of flame (9)
   (You found it on level 2 of the Dungeon)
 v - a wand of iceblast (13)
   (You took it off an orc on level 3 of the Dungeon)
Scrolls
 f - a scroll of immolation {!r!r}
 m - a scroll of enchant armour
Potions
 d - 3 potions of might
 h - a potion of curing {unknown}
 l - a potion of heal wounds {unknown}
 o - a potion of lignification {unknown}
 p - 2 potions of ambrosia {unknown}
 s - a potion of brilliance {unknown}

Dungeon Overview and Level Annotations

Branches:
Dungeon (3/15)

Altars:
Qazlal

#.............#######
#.......#......# #
#.>#####.#...## #
#........##.## #
###.#######.# # #.#
#.# # #.# *#'# # #.#
... * ## **#@# , , ,
.##### #o# * ,
.....##### * ,,..# *
, , * ...#...... ....
, ...^.### *....# *,,
, .##.## ##.#.# *
###.#### .##.# * ,
.......# ## #.# , *
,* ###.##.# , *


You could see an orc priest.


Message History

Unknown command.
You rampage towards the hobgoblin!
You hit the hobgoblin but do no damage.
The hobgoblin hits you but does no damage.
You hit the hobgoblin. You burn the hobgoblin.
You kill the hobgoblin!
Your surroundings suddenly seem different.
Key pressed, stopping explore.
You see here a +0 flail {mace}.
Key pressed, stopping explore.
There is a stone staircase leading up here.
There is an open door here.
You open the door.
There is an open door here.
An adder comes into view.
The adder hisses angrily.
An adder is nearby!
An adder is nearby!
You rampage towards the adder!
You rampage towards the adder!
You hit the adder. You burn the adder.
The adder bites you but does no damage. x2
You completely miss the adder. You block the adder's attack.
The adder bites you but does no damage.
You slash the adder! You burn the adder.
You kill the adder!
You see here an adder corpse.
You see here an adder corpse.
Key pressed, stopping explore.
Found a stone staircase leading down.
You pick up a book of Pain and begin reading...
You add the spells Pain, Agony and Excruciating Wounds to your library.
Okay, then.
An orc wizard comes into view. It is wielding a +0 dagger.
An orc wizard is nearby!
An orc wizard is nearby!
An orc wizard is nearby!
You rampage towards the orc wizard!
An orc comes into view. It is wielding a +0 short sword.
The orc shouts!
An orc wizard comes into view. It is wielding a +0 dagger.
The orc wizard casts a spell.
The orc wizard flickers and vanishes!
Deactivating autopickup; reactivate with Ctrl-A.
You rampage towards the orc!
The orc wizard shouts!
An orc comes into view. It is wielding a +0 hand axe.
Something unexpectedly blocked you, preventing you from rampaging!
You completely miss something.
An orc priest comes into view. It is wielding a +0 hand axe.
The orc wizard gestures at you while chanting.
The magic dart hits something!
Something hits you but does no damage.
Something unexpectedly blocked you, preventing you from rampaging!
You slash something! You burn something.
Reactivating autopickup.
You feel a bit more experienced.
The orc priest casts a cantrip, but nothing happens.
The orc hits you but does no damage.
You hit the orc. You burn the orc. The orc hits you but does no damage.
You slash the orc! You burn the orc.
You kill the orc!
The orc wizard drinks a potion.
The orc wizard suddenly seems more resistant.
The orc priest invokes the aid of Beogh against you.
Beogh smites you!
Your Fighting skill increases to level 6! 😮 HP[-9]
You take 9 damage, and now have 31/55 hp.
You hit the orc. You burn the orc. You block the orc's attack.
You closely miss the orc. The orc hits you but does no damage.
You hit the orc. You burn the orc.
You kill the orc!
The orc wizard completely misses you.
You slash the orc wizard! You burn the orc wizard.
The orc wizard completely misses you.
You hit the orc wizard but do no damage.
The orc wizard hits you but does no damage. x2
You hit the orc wizard but do no damage.
The orc wizard hits you but does no damage.
You hit the orc wizard. You burn the orc wizard.
You kill the orc wizard!
The orc priest begins to cast a cantrip, but forgets the words!
You barely miss the orc priest.
The orc priest invokes the aid of Beogh against you.
Pain shoots through your body!
* * * LOW HITPOINT WARNING * * *
😨 HP[-8]
You take 8 damage, and now have 23/55 hp.
You slash the orc priest! You burn the orc priest.
The orc priest calls down the wrath of Beogh upon you.
Beogh smites you!
* * * LOW HITPOINT WARNING * * *
😱 HP[-12]
You take 12 damage, and now have 11/55 hp.
MASSIVE DAMAGE!! (PAUSE)
You barely miss the orc priest.
The orc priest casts a cantrip, but nothing happens.
The orc priest hits you but does no damage.
You closely miss the orc priest.
The orc priest calls down the wrath of Beogh upon you.
Beogh smites you!
You die...

Skill      XL: |  1  2  3  4  5 |
---------------+----------------+-----
Fighting       | 3 4 5 6 |  6.1
Axes           | |  2.1
Armour         | |  3.2
Shields        | |  3.2

Action                   |  1- 3 |  4- 6 || total
-------------------------+-------+-------++-------
Melee: War axe           |   105 |    60 ||   165
  Use: Scroll            |     5 |     4 ||     9
Armor: Scale mail        |    56 |     6 ||    62
       Plate armour      |       |    28 ||    28
Dodge: Dodged            |    69 |    11 ||    80
Block: Buckler           |    24 |    16 ||    40

Levels and vault maps discovered:
D:1:      minmay_arrival_stone_box, layout_loops_corners,
          hangedman_abyss_or_decor_lesser_grid, minivault_25
D:2:      minmay_alternating_diamond, layout_basic, wad_orctagon
D:3:      layout_loops_corners, old_standard_altar,
          shapermc_ecumenical_altar_venn, uniq_jessica, uniq_natasha,
          uniq_terence

Notes
Turn   | Place    | Note
-------+----------+-------------------------------------------
     0 | D:1      | spaghetti the Deep Dwarf Fighter began the quest for the
                  | Orb.
     0 | D:1      | Reached XP level 1. HP: 20/20 MP: 1/1
     0 | D:1      | magus.rc [v1.9.6]
    70 | D:1      | Reached skill level 3 in Fighting
   141 | D:1      | Reached XP level 2. HP: 28/28 MP: 2/2
   283 | D:1      | You pick up a book of Scorching and begin reading...
   283 | D:1      | You add the spells Scorch, Flame Wave and Summon Cactus
                  | Giant to your library.
  1060 | D:2      | Reached XP level 3. HP: 34/36 MP: 3/3
  1106 | D:2      | Reached skill level 4 in Fighting
  1667 | D:3      | Found a faded altar of an unknown god.
  1681 | D:3      | Noticed Natasha
  1685 | D:3      | Killed Natasha
  1686 | D:3      | Reached XP level 4. HP: 38/45 MP: 4/4
  1749 | D:3      | Noticed Jessica
  1760 | D:3      | Killed Jessica
  1761 | D:3      | Reached skill level 5 in Fighting
  1822 | D:3      | Identified a scroll of acquirement
  1822 | D:3      | Acquired the +10 plate armour "Cuxtor" {Rampage Drain
                  | Dex+7}
  1912 | D:3      | Noticed Natasha
  1917 | D:3      | Killed Natasha
  1918 | D:3      | Reached XP level 5. HP: 40/52 MP: 5/5
  2026 | D:3      | Found a stormy altar of Qazlal.
  2182 | D:3      | You pick up a book of Pain and begin reading...
  2182 | D:3      | You add the spells Pain, Agony and Excruciating Wounds to
                  | your library.
  2192 | D:3      | Reached skill level 6 in Fighting
  2200 | D:3      | HP: 11/55 [orc priest/divine providence (12)]
  2202 | D:3      | Killed from afar by an orc priest

Vanquished Creatures
  2 orc priests (D:3)
  Jessica (D:3)
  2 orc wizards (D:3)
  Natasha (twice) (D:3)
  An adder (D:3)
  3 dart slugs
  10 orcs
  4 ball pythons
  4 bats
  An endoplasm (D:2)
  6 giant cockroaches
  7 goblins
  5 hobgoblins
  2 jackals (D:1)
  2 kobolds
  5 quokkas (D:2)
  3 frilled lizards
  5 rats
65 creatures vanquished.

Table legend:
 A = Non-vault XP
 B = Vault XP
 C = Vault XP percentage of total XP
 D = Non-vault monster count
 E = Vault monster count
 F = Vault count percentage of total count
                 A         B        C        D         E       F
            +---------+---------+-------+---------+---------+-------
      Total |     279 |      92 |  24.8 |      55 |      10 |  15.4
            +---------+---------+-------+---------+---------+-------
        D:1 |      21 |       0 |   0.0 |      11 |       0 |   0.0
        D:2 |      45 |      20 |  30.8 |      24 |       8 |  25.0
        D:3 |     213 |      72 |  25.3 |      20 |       2 |   9.1
            +---------+---------+-------+---------+---------+-------

Illustrated notes

Table legend:
 A = Kills in this place as a percentage of kills in entire the game.
 B = Kills by you in this place as a percentage of kills by you in the entire game.
 C = Kills by friends in this place as a percentage of kills by friends in the entire game.
 D = Other kills in this place as a percentage of other kills in the entire game.
 E = Experience gained in this place as a percentage of experience gained in the entire game.
 F = Experience gained in this place divided by the number of levels of this place that you have seen.
                   A       B       C       D       E      F
               +-------+-------+-------+-------+-------+----------------------
         Total | 100.0 | 100.0 |   N/A |   N/A | 100.0 | 123.7
       Dungeon | 100.0 | 100.0 |   N/A |   N/A | 100.0 | 123.7
               +-------+-------+-------+-------+-------+----------------------

Table legend: (Time is in decaauts)
 A = Elapsed time spent in this place.
 B = Non-inter-level travel time spent in this place.
 C = Inter-level travel time spent in this place.
 D = Time resting spent in this place.
 E = Time spent auto-exploring this place.
 F = Levels seen in this place.
 G = Mean time per level.
                   A        B        C        D        E       F      G
               +--------+--------+--------+--------+--------+-----+--------+
         Total |   2286 |   2236 |     50 |     12 |   1737 |   3 |  762.0 |
       Dungeon |   2286 |   2236 |     50 |     12 |   1737 |   3 |  762.0 |
               +--------+--------+--------+--------+--------+-----+--------+

Top non-repeatable levels by time:
     D:1: 922 daAuts
     D:2: 745 daAuts
     D:3: 619 daAuts
